AoeStats
← Low_Fuchs

Golden Pit

507931389Analyzed
1v1 RM · 11d ago on Sep 20, 2026· 26m 8s· 2 players
Game mode
Random Map
Map size
Tiny (2 player)
Population
200
Speed
Normal
Resources
Standard
Victory
Conquest
Starting age
Dark Age
Ending age
Imperial Age
RankedLock teamsTeams togetherTeam positionsShared explorationLock speedFull tech treeHidden civsTurbo modeCheats
Victory
Defeat
1517
+19
🇩🇪 Italians · Germany
1588
-19
上京皇族·耶律·GOOD
6:52 Loom
9:05 Feudal Age
11:35 Forging
15:19 Double-Bit Axe
16:03 Domestication
19:43 Castle Age
18:41 Scale Barding Armor
18:28 Gold Mining
19:59 Town Watch
21:05 Iron Casting
21:09 Bow Saw
24:10 Wheelbarrow
24:34 Husbandry
Low_Fuchs
10:48 Feudal Age
15:37 Castle Age
15:39 Loom
17:23 Double-Bit Axe
22:45 Fletching
Connection lost

Rejoining the realm…

Still unreachable

The connection could not be restored.

Session expired

The server has moved on; the page needs a fresh start.